 Dungeon Crawl Stone Soup version 0.21.1-1-g345015fe64 (webtiles) character file.

112 Lavandula the Digger (level 4, -1/30 HPs)
             Began as a Barachi Earth Elementalist on July 10, 2018.
             Slain by an orc
             ... wielding a +0 short sword
              (7 damage)
             ... on level 4 of the Dungeon.
             The game lasted 00:05:28 (832 turns).

Lavandula the Digger (Barachi Earth Elementalist)    Turns: 832, Time: 00:05:28

Health: -1/30      AC:  4    Str:  9    XL:     4   Next: 95%
Magic:  0/19       EV: 12    Int: 17    God:
Gold:   89         SH:  0    Dex: 12    Spells: 3/11 levels left

rFire    . . .     SeeInvis .   h - +0 dagger
rCold    . . .     Gourm    .   (no shield)
rNeg     . . .     Faith    .   c - +0 robe
rPois    .         Spirit   .   (no helmet)
rElec    .         Reflect  .   a - +1 cloak
rCorr    .         Harm     .   (no gloves)
MR       .....                  (no boots)
Stlth    ++........             (no amulet)
HPRegen  0.10/turn              m - ring of magical power
MPRegen  0.16/turn              (no ring)

@: can't hop, slow
A: +LOS, swims, slowness 1, strong legs 1
a: Hop


You were on level 4 of the Dungeon.
You were not hungry.

You visited 1 branch of the dungeon, and saw 5 of its levels.

You collected 89 gold pieces.

Inventory:

Hand Weapons
 h - a +0 dagger (weapon)
 n - a +2 mace of pain
Missiles
 b - 60 stones (quivered)
Armour
 a - a +1 cloak (worn)
 c - a +0 robe (worn)
Jewellery
 m - a ring of magical power (left hand)
Scrolls
 f - 2 scrolls of remove curse {unknown}
 g - 5 scrolls of identify {unknown}
 i - a scroll of fear {unknown}
 l - a scroll of enchant armour {unknown}
Potions
 j - a potion of cancellation {unknown}
 k - a potion of curing {unknown}
Books
 e - a book of Geomancy

   Spells                             Type                      Level
   a - Sandblast                      Earth                        1
   b - Passwall                       Transmutation/Earth          2
   c - Stone Arrow                    Conjuration/Earth            3
   d - Petrify                        Transmutation/Earth          4
   e - Lee's Rapid Deconstruction     Earth                        5
Comestibles
 d - 6 rations
 o - 3 chunks of flesh


   Skills:
 - Level 2.1 Dodging
 - Level 1.7 Stealth
 + Level 4.0 Spellcasting
 - Level 1.1 Transmutations
 - Level 4.2 Earth Magic


You had 3 spell levels left.
You knew the following spells:

 Your Spells              Type           Power        Failure   Level  Hunger
a - Sandblast             Erth           ###...       2%          1    None
b - Stone Arrow           Conj/Erth      ##....       21%         3    ###....
c - Petrify               Tmut/Erth      ##......     45%         4    ####...


Dungeon Overview and Level Annotations

Branches:
Dungeon (5/15)
 Temple: D:4-7

Altars:
Gozag
Yredelemnul


Innate Abilities, Weirdness & Mutations

Shadows flee at your approach. (+LOS)
You can swim through water.
You cover ground slowly.
You can hop short distances.


Message History

The blast of sand hits the orc.
The orc is severely wounded.
b - 61 stones The orc closely misses you.
You closely miss the orc.
The orc is severely wounded.
The orc barely misses you.
Casting: Sandblast
Confirm with . or Enter, or press ? or * to list all spells.
Aiming: Sandblast
Press: ? - help, Shift-Dir - straight line, f/p - orc
Aim: an orc, wielding a short sword and wearing a chain mail (severely wounded)
The blast of sand misses the orc.
b - 60 stones The orc hits you with a short sword.
* * * LOW HITPOINT WARNING * * *
You barely miss the orc.
The orc is severely wounded.
The orc hits you with a short sword!
You die...

.#
#............)..#
.#
#...............#
.#
#######.....(...#
.# #.........# .#
#.....>...# .#
#.........# .#
#.........# .#
#o........# .#
#@........# .#
########### .# .#
.# .# .# .# .#


You could see an orc.

Vanquished Creatures
  A worker ant (D:4)
  4 adders
  A worm (D:3)
  A dart slug (D:1)
  2 leopard geckos (D:3)
  9 orcs (D:4)
  6 bats
  A giant cockroach (D:1)
  2 goblins
  A hobgoblin (D:2)
  2 jackals (D:3)
  2 quokkas (D:4)
  A ball python (D:2)
  3 frilled lizards
  A kobold (D:2)
  3 rats
40 creatures vanquished.

Notes
Turn   | Place    | Note
-------+----------+-------------------------------------------
     0 | D:1      | Lavandula the Barachi Earth Elementalist began the quest for the Orb.
     0 | D:1      | Reached XP level 1. HP: 13/13 MP: 3/3
   155 | D:1      | Reached XP level 2. HP: 19/19 MP: 1/5
   404 | D:3      | Reached XP level 3. HP: 24/24 MP: 7/7
   417 | D:3      | Found a basalt altar of Yredelemnul.
   420 | D:3      | Noticed a profane servitor
   443 | D:3      | Learned a level 3 spell: Stone Arrow
   512 | D:3      | Found an opulent altar of Gozag.
   582 | D:3      | Reached XP level 4. HP: 28/30 MP: 5/8
   590 | D:3      | Learned a level 4 spell: Petrify
   685 | D:5      | Entered Level 5 of the Dungeon
   832 | D:4      | Slain by an orc

Skill      XL: |  1  2  3  4 |
---------------+-------------+-----
Spellcasting   | 3 4 |  4.0
Earth Magic    | 4 |  4.2
Dodging        | |  2.1
Stealth        | |  1.7
Transmutations | |  1.1

Action                   |  1- 3 |  4- 6 || total
-------------------------+-------+-------++-------
Melee: Unarmed           |     1 |       ||     1
       Dagger            |    29 |    15 ||    44
 Cast: Sandblast         |    33 |    36 ||    69
 Abil: Hop               |       |     2 ||     2
 Stab: Sleeping          |     3 |       ||     3
Armor: Robe              |    14 |     4 ||    18
Dodge: Dodged            |    22 |    23 ||    45
